 Dungeon Crawl Stone Soup version 0.30-a0-439-g9e77e4d916 (webtiles) character file.

Game seed: 10467948161840498515

520 funkygono the Firebug (level 7, -1/46 HPs)
             Began as a Demonspawn Fire Elementalist on Dec 10, 2022.
             Was an Initiate of Kikubaaqudgha.
             Killed by divine providence
             ... invoked by an orc priest
              (11 damage)
             ... on level 4 of the Dungeon.
             The game lasted 00:06:25 (4337 turns).

funkygono the Firebug (DsFE)                        Turns: 4337, Time: 00:06:26

Health: -1/46      AC:  8    Str:  8    XL:     7   Next: 1%
Magic:  13/13      EV: 27    Int: 19    God:    Kikubaaqudgha [......]
Gold:   265        SH:  0    Dex: 13    Spells: 5/15 levels left

rFire   . . .      SeeInvis .    h - +2 falchion (elec)
rCold   . . .      Faith    .    (no shield)
rNeg    . . .      Spirit   .    a - +0 robe
rPois   +          Reflect  .    i - +1 helmet
rElec   .          Harm     .    j - +1 cloak
rCorr   .          Rampage  .    (no gloves)
Will    +....                    (no boots)
Stlth   ++........               q - amulet of the acrobat
HPRegen 0.27/turn                p - ring of willpower
MPRegen 0.13/turn                n - ring of poison resistance

@: acrobatic
A: thin metallic scales 1, ignite blood 1, spiny 1, weakness stinger 1
a: Renounce Religion


You were on level 4 of the Dungeon.
You worshipped Kikubaaqudgha.
Kikubaaqudgha was noncommittal.
You visited 2 branches of the dungeon, and saw 5 of its levels.

You collected 265 gold pieces.

Inventory:

Hand Weapons
 c - a +0 dagger
 d - a +0 whip
 h - a +2 falchion of electrocution (weapon)
Armour
 a - a +0 robe (worn)
 i - a +1 helmet (worn)
 j - a +1 cloak (worn)
Jewellery
 n - a ring of poison resistance (right hand)
 p - a ring of willpower (left hand)
 q - an amulet of the acrobat (around neck)
Scrolls
 f - a scroll of identify
 k - a scroll of enchant armour
 r - 3 scrolls of teleportation
 s - a scroll of magic mapping
Potions
 b - a potion of magic
 e - 3 potions of attraction
 g - 2 potions of curing
 l - a potion of brilliance
 m - a potion of haste {unknown}


   Skills:
 + Level 0.1 Fighting
 + Level 0.2 Long Blades
 + Level 2.3 Dodging
 - Level 1.7 Stealth
 + Level 4.5 Spellcasting
 + Level 3.1 Conjurations
 + Level 4.8 Fire Magic


You had 5 spell levels left.
You knew the following spells:

 Your Spells              Type           Power      Damage    Failure   Level
a - Foxfire               Conj/Fire      76%        2x1d7     2%          1
b - Scorch                Fire           44%        2d7       2%          2
c - Kindle Blastsparks    Fire/Tloc/Air  20%        2d11      21%         3
d - Flame Wave            Conj/Fire      19%        2d7       26%         4

Your spell library contained the following spells:

 Spells                   Type           Power      Damage    Failure   Level
 Inner Flame              Hex/Fire       13%        N/A       14%         3
 Cigotuvi's Dreadful Rot  Necr/Pois/Air  8%         N/A       21%         2
 Ensorcelled Hibernation  Hex/Ice        8%         N/A       21%         2
 Poisonous Vapours        Pois/Air       8%         N/A       21%         2
 Mephitic Cloud           Conj/Pois/Air  8%         N/A       26%         3
 Spider Form              Tmut/Pois      4%         N/A       36%         3
 Anguish                  Hex/Necr       2%         N/A       78%         4


Dungeon Overview and Level Annotations

Branches:
Dungeon (4/15)             Temple (1/1) D:4

Altars:
Ashenzari
Cheibriados
Dithmenos
Fedhas
Gozag
Hepliaklqana
Kikubaaqudgha
Makhleb
Qazlal
Ru
Trog
Uskayaw
Vehumet
Wu Jian
Xom
Yredelemnul

Shops:
D:2 (


Innate Abilities, Weirdness & Mutations

You are partially covered in thin metallic scales. (AC +2)
Your demonic aura sometimes causes spilled blood to erupt in flames.
You are partially covered in sharp spines.
You have a small tail.


Message History

You conjure some foxfire!
The orc is struck by your spines. The orc hits you with a +0 hand axe.
The foxfire hits the orc.
The orc is lightly wounded.
The orc priest calls down the wrath of Beogh upon you.
Beogh smites you!
The foxfire hits the orc.
The orc is heavily wounded.
The orc misses you.
The orc priest mumbles some strange prayers to Beogh against you.
Beogh smites you! The orc attacks as you move away!
The orc is struck by your spines. The orc hits you but does no damage.
The orc is struck by your spines.
You kill the orc!
Kikubaaqudgha accepts your kill.
You see here a +0 robe.
The kobold barely misses you.
You miss the kobold.
The orc priest calls upon Beogh to heal the orc.
The orc's wounds heal themselves!
The kobold closely misses you.
The orc priest invokes the aid of Beogh against you.
Beogh smites you!
* * * LOW HITPOINT WARNING * * *
The kobold closely misses you.
Okay, then.
Magic courses through your body. The kobold is struck by your spines.
The kobold hits you but does no damage.
Casting: Foxfire (safe; 2% risk of failure)
Confirm with . or Enter, or press ? or * to list all spells.
Okay, then.
The kobold attacks as you move away! The kobold is struck by your spines.
The kobold hits you with a +1 dagger of freezing.
* * * LOW HITPOINT WARNING * * *
The kobold freezes you.
* * * LOW HITPOINT WARNING * * *
You see here a +0 robe.
The orc priest mumbles some strange prayers to Beogh against you.
Beogh smites you!
You die...
Kikubaaqudgha rasps: "You have failed me!
Welcome... death!"

#.#..# ..# #.#.#.# #.#
#.#.##. #.# #.#.##. #.#
##### #.#.##.###.#####.#
....# #.#.##............
###.###.#.##...........#
..........###.##.########
###..)........##@........
#####.#########.######.
#.....# #K# #####.# #o# #
####### #.# #.# .#
......# ##.# ###o###
##..# #####.# #..#
#..o>.##....# #.# #.##
#.....#...#... #.# #.#
#.....†......#


You could see an orc priest, 2 orcs and a kobold.

Vanquished Creatures
  Sigmund (D:2)
  A black bear (D:4)
  A phantom (D:4)
  An iguana (D:4)
  Natasha (D:4)
  Robin (D:3)
  2 adders
  3 gnolls (D:4)
  An ufetubus (D:4)
  A worm (D:2)
  6 dart slugs
  6 orcs
  6 ball pythons
  2 endoplasms
  2 giant cockroaches
  12 goblins
  8 hobgoblins
  4 bats
  A frilled lizard (D:3)
  5 kobolds
  7 rats
72 creatures vanquished.

Vanquished Creatures (others)
  221 foxfires
221 creatures vanquished.

Grand Total: 293 creatures vanquished

Notes
Turn   | Place    | Note
-------+----------+-------------------------------------------
     0 | D:1      | funkygono the Demonspawn Fire Elementalist began the quest
                  | for the Orb.
     0 | D:1      | Reached XP level 1. HP: 13/13 MP: 3/3
   162 | D:1      | Gained mutation: You are partially covered in sharp spines.
                  | [demonic ancestry]
   162 | D:1      | Reached XP level 2. HP: 19/19 MP: 3/5
   165 | D:1      | Learned a level 2 spell: Scorch
  1301 | D:2      | Noticed Sigmund
  1454 | D:2      | Found Atriolla's Weapon Boutique.
  1484 | D:2      | Reached XP level 3. HP: 24/24 MP: 0/6
  1488 | D:2      | Learned a level 3 spell: Kindle Blastsparks
  1633 | D:2      | Found a basalt altar of Yredelemnul.
  2040 | D:2      | Killed Sigmund
  2041 | D:2      | Reached XP level 4. HP: 28/30 MP: 1/9
  2041 | D:2      | Gained mutation: You are partially covered in thin metallic
                  | scales. (AC +2) [demonic ancestry]
  2041 | D:2      | Reached XP level 5. HP: 33/35 MP: 1/10
  2224 | D:3      | Noticed Robin
  2319 | D:3      | Killed Robin
  3149 | D:3      | Learned a level 4 spell: Flame Wave
  3232 | D:4      | Gained mutation: Your demonic aura sometimes causes spilled
                  | blood to erupt in flames. [demonic ancestry]
  3232 | D:4      | Reached XP level 6. HP: 41/41 MP: 4/11
  3677 | D:4      | Found a staircase to the Ecumenical Temple.
  3683 | Temple   | Entered the Ecumenical Temple
  4025 | Temple   | Became a worshipper of Kikubaaqudgha
  4308 | D:4      | Noticed Natasha
  4323 | D:4      | Killed Natasha
  4324 | D:4      | Gained mutation: You have a small tail. [demonic ancestry]
  4324 | D:4      | Reached XP level 7. HP: 46/46 MP: 1/13
  4337 | D:4      | Killed from afar by an orc priest

Illustrated notes

Levels and vault maps discovered:
D:1:      mrwooster_arrival_statue_3, layout_loops_ring
D:2:      kennysheep_big_flooded_room, layout_basic, serial_shops,
          nicolae_shop_behind_doors, basic_altar, uniq_sigmund
D:3:      layout_basic, uniq_robin
D:4:      layout_loops_ring, mainiacjoe_overflow_alcove_2,
          minmay_temple_entry_fiery, nicolae_shop_vocational, uniq_natasha
Temple:   compressed_dpeg_triangle_lava_temple

Skill      XL: |  1  2  3  4  5  6 |
---------------+-------------------+-----
Dodging        | 2 |  2.3
Fire Magic     | 3 4 |  4.8
Spellcasting   | 3 4 |  4.5
Conjurations   | 2 3 |  3.1
Fighting       | |  0.1
Long Blades    | |  0.2
Stealth        | |  1.7

Action                   |  1- 3 |  4- 6 |  7- 9 || total
-------------------------+-------+-------+-------++-------
Melee: Whip              |    12 |     2 |       ||    14
       Falchion          |       |    11 |     2 ||    13
 Cast: Foxfire           |    50 |    72 |     1 ||   123
       Scorch            |     5 |     9 |       ||    14
  Use: Potion            |     1 |       |     1 ||     2
       Scroll            |       |    11 |       ||    11
Armor: Robe              |     2 |    14 |     2 ||    18
Dodge: Dodged            |     9 |    16 |     4 ||    29

Table legend: (Time is in decaauts)
 A = Elapsed time spent in this place.
 B = Non-inter-level travel time spent in this place.
 C = Inter-level travel time spent in this place.
 D = Time resting spent in this place.
 E = Time spent auto-exploring this place.
 F = Levels seen in this place.
 G = Mean time per level.
                   A        B        C        D        E       F      G
               +--------+--------+--------+--------+--------+-----+--------+
         Total |   4340 |   4253 |     87 |     11 |   3558 |   5 |  868.0 |
       Dungeon |   3992 |   3911 |     81 |     11 |   3247 |   4 |  998.0 |
        Temple |    347 |    342 |      5 |      0 |    311 |   1 |  347.0 |
               +--------+--------+--------+--------+--------+-----+--------+

Top non-repeatable levels by time:
     D:2: 1172 daAuts
     D:1: 1062 daAuts
     D:3: 947 daAuts
     D:4: 810 daAuts
  Temple: 347 daAuts
